[Event "Late-Titled-Tuesday-Blitz-March-12-2024"]
[Site "Chess.com"]
[Date "2024.03.12"]
[Round "6"]
[White "SantoBlue"]
[Black "bascheyaro"]
[Result "1/2-1/2"]
[WhiteElo "3043"]
[BlackElo "2796"]
[TimeControl "180+1"]
[EndTime "15:06:19 PDT"]
[Termination "Game drawn - insufficient material"]

1. b3 d5 2. Bb2 Nf6 3. e3 Bf5 4. Nf3 e6 5. g3 Be7 6. Bg2 O-O 7. O-O h6 8. d3 c5 9. Nbd2 Nc6 10. Ne5 Nxe5 11.
Bxe5 Nd7 12. Bb2 Bf6 13. Qc1 Bxb2 14. Qxb2 Bg6 15. Rae1 Qf6 16. Qxf6 Nxf6 17. e4 Rfd8 18. exd5 Nxd5 19. Nc4 Nb4 20. Re2 Rab8 21. Ne5 Bh7 22. a3 Nd5 23. f4 Ne7 24. g4 Kf8 25. h4 Rd4 26. h5 b6 27. Kh2 Rbd8 28. Kg3 b5 29.
Bf3 a6 30. Rfe1 f6 31. Nc6 Nxc6 32. Bxc6 Bg8 33. Bb7 R4d6 34. b4 Rb6 35. Bf3 Rc8 36. g5 hxg5 37. fxg5 e5 38. gxf6 gxf6 39. Be4 cxb4 40.
axb4 Be6 41. Rf2 Ke7 42. Ref1 Rg8+ 43. Kh2 Bc8 44. Bg6 Rc6 45. Re1 Be6 46. Re3 Rd6 47. Re4 Bd5 48. Rh4 Bf7 49. Bf5 Rd4 50. Rxd4 exd4 51. h6 Bg6 52. h7 Bxh7 53. Bxh7 Rh8 54.
Rf4 Rxh7+ 55. Kg2 Ke6 56. Rxd4 Rc7 57. c4 bxc4 58. dxc4 Ke5 59. Rh4 f5 60. Kf3 Rb7 61. c5 Kd5 62. Rf4 Kc6 63. Ke3 a5 64. bxa5 Rb3+ 65.
Kd2 Ra3 66. Rxf5 Rxa5 67. Kd3 Rxc5 68. Rxc5+ Kxc5 1/2-1/2

[Event "Late-Titled-Tuesday-Blitz-March-12-2024"]
[Site "Chess.com"]
[Date "2024.03.12"]
[Round "6"]
[White "Grischuk"]
[Black "KaydenTroffChess"]
[Result "1-0"]
[WhiteElo "3064"]
[BlackElo "2812"]
[TimeControl "180+1"]
[EndTime "15:06:23 PDT"]
[Termination "Grischuk won by checkmate"]

1. d4 Nf6 2. c4 g6 3. g3 c5 4. Nf3 Bg7 5. Bg2 O-O 6. Nc3 d5 7. dxc5 dxc4 8. Qa4 Be6 9. Ng5 Bd7 10. Qxc4 Bc6 11. O-O Bxg2 12. Kxg2 Nbd7 13. Bf4 Qc8 14.
b4 Qc6+ 15. Nf3 b6 16. Rac1 bxc5 17. b5 Qb7 18. a4 e5 19. Be3 e4 20. Nd2 Rfe8 21.
h3 Rac8 22. Qb3 Ne5 23. Nc4 Nxc4 24. Qxc4 Nd7 25. Rfd1 Nb6 26. Qa2 Bxc3 27. Rxc3 c4 28. Bxb6 e3+ 29. f3 Qxb6 30. Rxc4 Qe6 31. Rxc8 Qxa2 32. Rxe8+ Kg7 33. Rxe3 Qxa4 34. Rb1 Qc2 35. Rbb3 Qc4 36. h4 h6 37. Kf2 g5 38. hxg5 h5 39. b6 axb6 40. Rxb6 h4 41. Rh6 hxg3+ 42. Kxg3 Qc5 43. Kf2 Qxg5 44. Rh3 Qc5 45. Rg3+ Kf6 46. Rg4 Kf5 47. Re4 f6 48. Kg2 Kg5 49. Rd3 Qc2 50.
Rg4+ Kf5 51. Re4 Qc6 52. Rdd4 Qc7 53. Rf4+ Kg5 54. Rg4+ Kf5 55. Rdf4+ Ke6 56. Re4+ Kf5 57. Re8 Qd7 58. e4# 1-0

[Event "Late-Titled-Tuesday-Blitz-March-12-2024"]
[Site "Chess.com"]
[Date "2024.03.12"]
[Round "6"]
[White "BebeBonito2022"]
[Black "Thjop"]
[Result "0-1"]
[WhiteElo "2304"]
[BlackElo "2658"]
[TimeControl "180+1"]
[EndTime "15:06:24 PDT"]
[Termination "Thjop won on time"]

1. d4 Nf6 2. c4 g6 3. Nc3 Bg7 4. e4 O-O 5. Nf3 d6 6. h3 e5 7. d5 a5 8. Bg5 h6 9. Be3 Na6 10.
Be2 Nh5 11. g3 Bd7 12. Nd2 Nf6 13. g4 Nh7 14. h4 b6 15. h5 Ng5 16. Nf3 Bf6 17.
Nh4 Kg7 18. Ng2 Nc5 19. Qc2 Qc8 20. f3 a4 21. O-O-O Qa6 22. Rh2 Rh8 23. Rdh1 Qa5 24.
Nd1 Rae8 25. Nf2 Qa8 26. Nh3 Qd8 27. Qd2 Nxh3 28. Rxh3 Bg5 29. hxg6 fxg6 30. Bxg5 hxg5 31. Qe1 Rxh3 32. Rxh3 Rh8 33. Qh1 Rxh3 34. Qxh3 Qa8 35. Ne3 Qa5 36. Qf1 a3 37. Qd1 axb2+ 38. Kxb2 Na4+ 39. Kc1 Nc3 40. Qc2 Nxa2+ 41. Kb2 Nb4 42.
Qb3 Na6 43. Nc2 Qd2 44. Qd3 Qa5 45. Qa3 Qd2 46. Qd3 Qf4 47. Qa3 Nc5 48. Qa7 Qd2 49. Qxc7 Qxe2 50. Qxb6 Qxc4 51. Qxd6 Kf7 52. Qb6 Na4+ 0-1

[Event "Late-Titled-Tuesday-Blitz-March-12-2024"]
[Site "Chess.com"]
[Date "2024.03.12"]
[Round "6"]
[White "Sina_Movahed"]
[Black "MikaelyanArman"]
[Result "0-1"]
[WhiteElo "3029"]
[BlackElo "2845"]
[TimeControl "180+1"]
[EndTime "15:06:26 PDT"]
[Termination "MikaelyanArman won by checkmate"]

1. Nf3 Nf6 2. c4 c6 3. g3 d5 4. Bg2 g6 5. b3 Bg7 6. Bb2 O-O 7. O-O a5 8. a3 Nbd7 9. d4 Ne4 10. Nbd2 Nxd2 11.
Nxd2 Nf6 12. Rc1 Bf5 13. Re1 Qb6 14. e3 h5 15. h4 Rfd8 16. Bc3 Qa6 17. Bf1 Qb6 18. b4 axb4 19. axb4 Ra3 20. b5 Qc7 21. bxc6 bxc6 22. cxd5 Nxd5 23. Bb2 Ra2 24. Qb3 Qa7 25. Ra1 Rxa1 26. Rxa1 Qb8 27. Qa3 Nxe3 28. fxe3 Qxg3+ 29. Kh1 Qxh4+ 30. Kg1 Qg3+ 31. Kh1 Bh6 32. e4 Be3 33. Nf3 Qxf3+ 34. Bg2 Qg3 35. Qxe7 Rd7 36. Qf6 Ra7 37. Rf1 Bf4 38. Rxf4 Qxf4 39. d5 Ra1+ 40. Bxa1 Qc1+ 41. Kh2 Qf4+ 42. Kg1 Qe3+ 43. Kf1 Qc1+ 44. Kf2 Qf4+ 45. Bf3 Qd2+ 46. Kg3 Qe1+ 47. Kg2 Qd2+ 48.
Kg3 Qe1+ 49. Kf4 Qd2+ 50. Ke5 Qc1 51. Kd6 Qa3+ 52. Kxc6 Qa6+ 53. Kc7 Qa7+ 54. Kd8 Qb8+ 55. Ke7 Qc7+ 56. Ke8 Qd7# 0-1

[Event "Late-Titled-Tuesday-Blitz-March-12-2024"]
[Site "Chess.com"]
[Date "2024.03.12"]
[Round "6"]
[White "Chempiblinka"]
[Black "CarlosjPineror"]
[Result "0-1"]
[WhiteElo "2333"]
[BlackElo "2571"]
[TimeControl "180+1"]
[EndTime "15:06:27 PDT"]
[Termination "CarlosjPineror won on time"]

1. Nf3 Nf6 2. g3 e6 3. Bg2 Be7 4. O-O c5 5. c4 O-O 6. Nc3 a6 7.
a3 Qc7 8. d3 Nc6 9. Rb1 d6 10.
b4 b6 11. b5 axb5 12. Nxb5 Qb8 13. Bf4 Bd7 14. Rb2 h6 15. Qb1 e5 16. Bd2 Ra6 17.
Ne1 Nd4 18. Nxd4 exd4 19. Nc2 Bd8 20. e3 dxe3 21. Bxe3 Qc7 22. Re1 Bc6 23. Bf4 Bxg2 24. Kxg2 Qc6+ 25. Kg1 d5 26. Qd1 d4 27. Qd2 Kh7 28. Re2 Re8 29. Qe1 Rxe2 30. Qxe2 Ra7 31. Rb1 Re7 32. Qd2 Re6 33. Qd1 g5 34. Bd2 Kg6 35. Ne1 Bc7 36. Ng2 Nd7 37. h4 f5 38.
hxg5 hxg5 39. Qc1 Bd8 40. Qc2 Qf3 41. Re1 Rxe1+ 42. Nxe1 Qe2 43. Qc1 Ne5 44. a4 Nxd3 45. Nxd3 Qxd3 46. Be1 Qe2 47. Qb1 Qe4 48. Qd1 d3 49. Bc3 Bf6 50. Qd2 Qe2 51. a5 bxa5 52. Bxa5 Bd4 53. Qe1 f4 54. Kg2 f3+ 55. Kg1 Kf5 56.
Qxe2 dxe2 57. Bd2 g4 58. Kh2 Ke4 59. Kg1 Kd3 60. Ba5 Bc3 61. Bxc3 Kxc3 62. Kh2 Kxc4 0-1

[Event "Late-Titled-Tuesday-Blitz-March-12-2024"]
[Site "Chess.com"]
[Date "2024.03.12"]
[Round "6"]
[White "GlavkonVVS"]
[Black "Igor_Lysyj"]
[Result "1/2-1/2"]
[WhiteElo "2610"]
[BlackElo "2827"]
[TimeControl "180+1"]
[EndTime "15:06:28 PDT"]
[Termination "Game drawn - insufficient material"]

1. c3 Nf6 2. d4 d5 3. Bf4 Bf5 4. Nd2 e6 5. Ngf3 Nbd7 6. e3 Be7 7. h3 h6 8. Be2 O-O 9. O-O c5 10. a4 a6 11. a5 b5 12. axb6 Qxb6 13. dxc5 Nxc5 14.
Ra2 Nd3 15. Nd4 Bh7 16. Bxd3 Bxd3 17. Re1 Nd7 18. N2f3 Bg6 19. Ne5 Nxe5 20. Bxe5 f6 21. Bg3 e5 22. Nf3 Bf7 23. Qa1 Kh8 24. b4 Rfc8 25. Ra3 Rc6 26. Rd1 Rac8 27. Nh4 Bf8 28. Nf3 Qc7 29. Rxa6 Rxa6 30. Qxa6 Qxc3 31. b5 Qc4 32.
Bxe5 Be8 33. Bd4 Bxb5 34. Qe6 Qc6 35. Qf5 Qd7 36. Qh5 Be2 37. Re1 Bxf3 38. Qxf3 Qe6 39. Rd1 Rd8 40. g4 Kg8 41. Kg2 Rc8 42. Rb1 Qe4 43.
Rb5 Qxf3+ 44. Kxf3 Rd8 45. Ke2 Kf7 46. Rb7+ Ke6 47.
Kd3 Rd7 48. Rxd7 Kxd7 49. h4 Ke6 50. h5 f5 51. f3 fxg4 52. fxg4 Kf7 53. e4 dxe4+ 54.
Kxe4 g6 55. hxg6+ Kxg6 56. Kf3 h5 57. gxh5+ Kxh5 1/2-1/2

[Event "Late-Titled-Tuesday-Blitz-March-12-2024"]
[Site "Chess.com"]
[Date "2024.03.12"]
[Round "6"]
[White "subham777"]
[Black "olgerts_indricans"]
[Result "1/2-1/2"]
[WhiteElo "2555"]
[BlackElo "2411"]
[TimeControl "180+1"]
[EndTime "15:06:28 PDT"]
[Termination "Game drawn by agreement"]

1. e4 c5 2. Nf3 e6 3. g3 Nf6 4. d3 Nc6 5. Bg2 Be7 6. O-O Qc7 7. Re1 d6 8. d4 cxd4 9. Nxd4 a6 10. c4 Ne5 11. b3 O-O 12. f4 Ned7 13. Bb2 Rb8 14. Kh1 Rd8 15. Nd2 Nc5 16. Qe2 Bf8 17. Rad1 Bd7 18. g4 e5 19. Nf5 g6 20. g5 Nh5 21.
fxe5 dxe5 22. Nh6+ Bxh6 23. gxh6 Nf4 24. Qf1 Ncd3 25.
Bc3 Nxe1 26. Rxe1 b5 27. Nf3 f6 28. Rc1 bxc4 29. bxc4 Bg4 30. c5 Be6 31. Qxa6 Ra8 32. Qb6 Qxb6 33. cxb6 Rdb8 34. Rb1 Rxa2 35. Nxe5 Nxg2 36.
Nc6 Rxb6 37. Rxb6 Nf4 38. Rb8+ Kf7 39. Rb7+ Ke8 40. Re7+ Kf8 41. Rxh7 Rc2 42. Bb4+ Kg8 43. Rg7+ Kh8 44. Kg1 Bc4 45. Ne7 Rg2+ 46. Kh1 Rg5 47. h4 Rg4 48. h5 Nxh5 49. Nxg6+ Rxg6 50. Rxg6 Bd3 51. Rg7 Nxg7 52. hxg7+ Kxg7 53. Bc3 Bxe4+ 54. Kh2 Kg6 55. Kg3 f5 56. Kf4 Bb7 57. Bd4 Bc8 58. Bc3 Bb7 59. Bd4 Be4 60. Bc3 Kh5 61. Bd4 Kh4 62. Bc3 Kh3 63. Bb2 Kg2 64. Ba1 Kf1 65.
Bb2 Ke2 66. Bg7 Kd3 67. Bh8 Bd5 68. Bg7 Be4 69. Bh8 Kc4 70. Bg7 Bd3 71. Bh8 Be4 72. Bg7 1/2-1/2

[Event "Late-Titled-Tuesday-Blitz-March-12-2024"]
[Site "Chess.com"]
[Date "2024.03.12"]
[Round "6"]
[White "JSPrepz"]
[Black "Rud_Makarian"]
[Result "1-0"]
[WhiteElo "2843"]
[BlackElo "3037"]
[TimeControl "180+1"]
[EndTime "15:06:30 PDT"]
[Termination "JSPrepz won on time"]

1. e4 c5 2. Nf3 d6 3. Nc3 Nc6 4. d4 cxd4 5. Nxd4 Nf6 6. Bg5 Bd7 7. Bb5 e6 8. Qd3 Be7 9. O-O-O O-O 10. Bxc6 bxc6 11. Nb3 d5 12. e5 Ne8 13. Bxe7 Qxe7 14. Qe3 Nc7 15. Nc5 Rfb8 16. f4 a5 17. h4 Na6 18.
Nxa6 Rxa6 19. Na4 c5 20. Nxc5 Rab6 21. b3 a4 22. h5 axb3 23. axb3 Rc6 24. Nxd7 Qxd7 25.
Rh3 Qc7 26. Rd2 h6 27. Rg3 Qa5 28. Qd4 Rb4 29. Qb2 Rxf4 30. Rf3 Rh4 31. Rd1 Rxh5 32. Rdf1 Rg5 33. g3 Rg4 34. Kb1 Rc7 35. Re3 d4 36. Rd3 Qxe5 37. b4 Qb5 38. Rfd1 e5 39. Rb3 Rg6 40.
Re1 Rgc6 41. g4 Kh7 42. Rd1 f6 43. Rd2 Rc3 44. Rd1 Qe2 45. Rc1 Rxb3 46. Qxb3 Rc3 47. Qa4 d3 48. cxd3 Qxd3+ 49. Kb2 Qd2+ 50. Rc2 Rxc2+ 51.
Qxc2+ Qxc2+ 52. Kxc2 f5 53. b5 fxg4 54. Kd3 g3 55.
Ke2 e4 56. b6 1-0

[Event "Late-Titled-Tuesday-Blitz-March-12-2024"]
[Site "Chess.com"]
[Date "2024.03.12"]
[Round "6"]
[White "GaiozNigalidze"]
[Black "zverr1"]
[Result "1-0"]
[WhiteElo "2717"]
[BlackElo "2568"]
[TimeControl "180+1"]
[EndTime "15:06:31 PDT"]
[Termination "GaiozNigalidze won by checkmate"]

1. d4 Nf6 2. c4 g6 3. Nc3 d5 4. Bg5 Ne4 5. Bf4 Nxc3 6. bxc3 c6 7. e3 Bg7 8. Nf3 Qa5 9. Qb3 O-O 10.
cxd5 cxd5 11. Be2 b6 12. O-O Bb7 13. c4 dxc4 14. Bxc4 e6 15. Be5 Bxf3 16. gxf3 Bxe5 17. dxe5 Qxe5 18. f4 Qf6 19. Bb5 Rd8 20. Rad1 Qe7 21.
Rxd8+ Qxd8 22. Rd1 Qe7 23. Qc4 a6 24. Qc8+ Kg7 25.
Bc6 Nxc6 26. Qxa8 Qc5 27. Qxa6 e5 28. Qa4 Nb4 29. a3 Nd5 30. Qb3 Nc3 31. Re1 exf4 32.
exf4 Qd4 33. Re3 Nd1 34. Rf3 Qd7 35. Qd3 Qg4+ 36. Rg3 Qh5 37. Rg5 Qh4 38. Qxd1 Qxf4 39. Rg3 Qd6 40. Qxd6 h5 41. Re3 h4 42. Re7 h3 43. Qd7 b5 44. Rxf7+ Kh6 45. Qe7 Kh5 46. Rh7+ Kg4 47. Qe4+ Kg5 48. Qe5+ Kg4 49. Qg3+ Kf5 50.
Qxh3+ Ke4 51. Qb3 b4 52. Qxb4+ Kf3 53. Rh3+ Ke2 54. Re3+ Kd1 55. Qb1+ Kd2 56. Qb2+ Kd1 57. Rc3 g5 58. Rc1# 1-0

[Event "Late-Titled-Tuesday-Blitz-March-12-2024"]
[Site "Chess.com"]
[Date "2024.03.12"]
[Round "6"]
[White "Payyappat"]
[Black "Jagerrmeisterr"]
[Result "0-1"]
[WhiteElo "2568"]
[BlackElo "2723"]
[TimeControl "180+1"]
[EndTime "15:06:32 PDT"]
[Termination "Jagerrmeisterr won on time"]

1. e4 c6 2. d4 d5 3. Nc3 dxe4 4. Nxe4 Nf6 5. Nxf6+ exf6 6. Bc4 Bd6 7. Nf3 O-O 8. O-O Bg4 9. c3 Nd7 10. h3 Bh5 11. Bd2 b5 12. Bd3 Nb6 13. Qc2 Bg6 14.
Nh4 Bxd3 15. Qxd3 g6 16. Bh6 Re8 17. f4 f5 18. Nxf5 Nd5 19. Rae1 Qf6 20. Nxd6 Qxd6 21.
f5 a6 22. Qf3 Qd7 23. f6 Rxe1 24. Rxe1 Re8 25. Re5 Re6 26. Bg5 Qe8 27. Qg4 h5 28.
Qe2 Rxe5 29. dxe5 Qe6 30. g4 hxg4 31. hxg4 Kf8 32. Kf2 Ke8 33. Kf3 Kd7 34. Qe4 Qe8 35. Qd4 Qh8 36. Kg2 Qb8 37. Bf4 Ke6 38. Kg3 g5 39. Bxg5 Qxe5+ 40. Qxe5+ Kxe5 41. Kf3 c5 42. Bh6 Kxf6 43. Ke4 Ke6 44. Bg7 f6 45. Bh8 Ne7 46. Bg7 Ng6 47. Bh6 Ne5 48. Be3 c4 49. g5 f5+ 50.
Kd4 Nd3 51. Bd2 Nxb2 52. Kc5 Na4+ 53. Kb4 Ke5 54. Be3 Ke6 55. Bd4 f4 0-1

[Event "Late-Titled-Tuesday-Blitz-March-12-2024"]
[Site "Chess.com"]
[Date "2024.03.12"]
[Round "6"]
[White "the_blue_pill"]
[Black "Svet_1502"]
[Result "1-0"]
[WhiteElo "2459"]
[BlackElo "2232"]
[TimeControl "180+1"]
[EndTime "15:06:32 PDT"]
[Termination "the_blue_pill won on time"]

1. b3 e5 2. Bb2 Nc6 3. c4 Nf6 4. e3 Bd6 5. Nc3 O-O 6. a3 a5 7.
Qc2 Re8 8. d3 Bf8 9. Nf3 d6 10.
Be2 Bf5 11. Ne4 Bxe4 12. dxe4 Qc8 13. h3 Nd8 14. O-O Ne6 15. b4 b6 16. Nd2 Qb7 17. Bd3 axb4 18. axb4 Rxa1 19. Rxa1 Ra8 20. Qb1 Ra7 21. Bc3 Qa8 22. Rxa7 Qxa7 23. Qa1 Qxa1+ 24.
Bxa1 Nd7 25. g3 Nb8 26. Bc3 Nc6 27. Kf1 f6 28. f4 Kf7 29. Be2 Ned8 30. Bg4 g6 31. h4 Bg7 32. Bh3 Ke7 33. Ke2 Ne6 34. Kd3 Ncd8 35. Nb1 c5 36. b5 Nc7 37. Bd2 Nce6 38.
Nc3 Nc7 39. Na4 exf4 40. exf4 Nde6 41. Nxb6 Nd4 42. Be3 f5 43. exf5 gxf5 44. Bxd4 Bxd4 45. Bxf5 Bf2 46. g4 Bxh4 47. Ke4 h6 48. Bc8 Bf6 49. Nd5+ Nxd5 50. Kxd5 Bd4 51. f5 Kd8 52. Be6 Be5 53. b6 Bf4 54. Kc6 Be5 55. b7 d5 56.
Bxd5 Bb8 57. f6 1-0

[Event "Late-Titled-Tuesday-Blitz-March-12-2024"]
[Site "Chess.com"]
[Date "2024.03.12"]
[Round "6"]
[White "Cuchulin"]
[Black "HanSchut"]
[Result "0-1"]
[WhiteElo "2054"]
[BlackElo "2329"]
[TimeControl "180+1"]
[EndTime "15:06:32 PDT"]
[Termination "HanSchut won on time"]

1. d4 Nf6 2. Bf4 d5 3. e3 e6 4. Nf3 Bd6 5. Ne5 O-O 6. Bd3 Ne4 7. Bxe4 dxe4 8. Nd2 f6 9. Nec4 Bxf4 10. exf4 f5 11. c3 Qh4 12. O-O Nd7 13. g3 Qh3 14.
Re1 Nf6 15. Nf1 b6 16. Ne5 Bb7 17. Ne3 Rad8 18. Qe2 h5 19. Qf1 Qxf1+ 20. Kxf1 h4 21. Kg2 hxg3 22. hxg3 Nd7 23. Nxd7 Rxd7 24. Nc4 e3+ 25.
f3 g5 26. fxg5 f4 27. Ne5 Rh7 28. gxf4 Rxf4 29. Rxe3 Rh5 30. g6 Rg5+ 31. Kf2 Rh4 32. Ng4 Rxg6 33. Rg1 Kh8 34. Re5 Rh3 35. Rg3 Rh1 36.
Re1 Rxe1 37. Kxe1 Bxf3 38. Ne5 Rxg3 39. Kf2 Rh3 40. Nxf3 Kg7 41. Ng5 Rh2+ 42. Ke3 Rxb2 43.
Nxe6+ Kf6 44. Nxc7 Rxa2 45. Kd3 Ke7 46. Kc4 Kd6 47.
Ne8+ Kc6 48. Nf6 Ra4+ 49. Kb3 Ra5 50. Ne4 Rh5 51. Nd2 b5 52. Nf3 Rh3 53. Ne5+ Kb6 54. Nd7+ Kc7 55. Nc5 a5 56. Kb2 Kc6 57. Ne4 Kd5 58. Nd2 Rh2 59. Kc2 a4 0-1

[Event "Late-Titled-Tuesday-Blitz-March-12-2024"]
[Site "Chess.com"]
[Date "2024.03.12"]
[Round "6"]
[White "Bala-Afiada"]
[Black "Jahonas"]
[Result "0-1"]
[WhiteElo "1879"]
[BlackElo "2321"]
[TimeControl "180+1"]
[EndTime "15:06:34 PDT"]
[Termination "Jahonas won on time"]

1. d4 Nf6 2. c4 e6 3. g3 d5 4. Nf3 Nbd7 5. Bg2 Be7 6. O-O O-O 7. Nbd2 b6 8. Qc2 Bb7 9. cxd5 Nxd5 10. e4 Nb4 11. Qb1 c5 12. a3 Nc6 13. d5 exd5 14.
exd5 Nce5 15. Qf5 Nxf3+ 16. Bxf3 Bf6 17. Ne4 g6 18. Nxf6+ Nxf6 19. Qh3 Bxd5 20. Rd1 Bxf3 21. Rxd8 Raxd8 22. Bg5 Rd6 23. Bxf6 Rxf6 24. Qh4 Re6 25. Qf4 Bc6 26. Rf1 Rfe8 27. Qd2 h5 28. h3 Re2 29. Qc3 Bd7 30. b4 Bxh3 31. bxc5 Bxf1 32. Kxf1 bxc5 33.
Qxc5 R2e7 34. a4 a6 35. a5 Re5 36. Qb6 R5e6 37. Qc5 Rd8 38. Qc7 Rdd6 39. Qc8+ Kg7 40. Qc3+ Rf6 41. Kg2 Kh7 42. Kh3 Rf5 43. g4 hxg4+ 44.
Kxg4 Rdd5 45. Qh3+ Kg8 46. Qc3 Rxa5 47. Qc8+ Kh7 48.
Qc2 Rac5 49. Qd3 a5 50. Qh3+ Kg7 51. Qe3 Rfe5 52. Qb3 Rg5+ 53. Kf4 Rcf5+ 54. Ke3 Rg4 55. Ke2 Rgf4 56. Qc3+ Kg8 57. Qc8+ Kh7 58. Qc1 Rxf2+ 59. Ke3 R2f3+ 60. Ke4 R3f4+ 61. Ke3 a4 62. Qh1+ Kg8 63.
Qa1 a3 64. Ke2 a2 65. Ke3 Rf3+ 66. Ke4 R3f4+ 67. Ke3 Rf2 68. Qh1 R5f3+ 0-1

[Event "Late-Titled-Tuesday-Blitz-March-12-2024"]
[Site "Chess.com"]
[Date "2024.03.12"]
[Round "6"]
[White "Lion-Al-Messi"]
[Black "MyDream003"]
[Result "0-1"]
[WhiteElo "2586"]
[BlackElo "2768"]
[TimeControl "180+1"]
[EndTime "15:06:36 PDT"]
[Termination "MyDream003 won on time"]

1. e4 c5 2. Nf3 d6 3. d4 cxd4 4. Nxd4 Nf6 5. Nc3 a6 6. h3 g6 7. Be2 Bg7 8. O-O O-O 9. Be3 Nc6 10. Qd2 Nxd4 11. Bxd4 Be6 12. Rad1 Rc8 13. f4 Bc4 14. Bxc4 Rxc4 15. Qd3 b5 16. b3 Rc8 17. e5 dxe5 18.
fxe5 Nd5 19. Ne4 Nb4 20. Qd2 Nxc2 21. Bc3 Qxd2 22. Rxd2 Ne3 23. Rf3 Nf5 24. g4 Nh4 25. Rfd3 Rc6 26. Kf2 h6 27. Kg3 g5 28. Kf2 Ng6 29.
Rd7 Re8 30. Bb4 Bxe5 31. Bc5 Kg7 32. b4 Re6 33. Ra7 Rc8 34. Rdd7 Bb8 35. Bd4+ Kf8 36.
Nc5 Bxa7 37. Nxe6+ fxe6 38. Rxa7 Rc2+ 39. Ke3 Rxa2 40.
Bc5 Kf7 41. Ra8 Ra3+ 42. Ke4 Nf4 43. h4 Nd5 44. hxg5 hxg5 45. Ra7 Ra4 46. Ke5 Ra1 47. Ke4 Re1+ 48. Kf3 Ra1 49. Kg2 Ra4 50. Kf3 Kf6 51. Rb7 Ra3+ 52. Kg2 a5 0-1

[Event "Late-Titled-Tuesday-Blitz-March-12-2024"]
[Site "Chess.com"]
[Date "2024.03.12"]
[Round "6"]
[White "Meri-Arabidze"]
[Black "crazyluzhinTh3"]
[Result "0-1"]
[WhiteElo "2698"]
[BlackElo "2582"]
[TimeControl "180+1"]
[EndTime "15:06:40 PDT"]
[Termination "crazyluzhinTh3 won on time"]

1. d4 d6 2. c4 e5 3. g3 Nc6 4. d5 Nce7 5. Bg2 a5 6. Nc3 Nf6 7. Nf3 Ng6 8. e4 Be7 9. O-O O-O 10. Ne1 Ne8 11. Nd3 f5 12. exf5 Bxf5 13. Ne4 h6 14.
Be3 b6 15. b3 Nf6 16. Nxf6+ Bxf6 17. Rc1 Qd7 18. Re1 Bh3 19. Be4 Bf5 20. Bg2 Bg4 21. Qd2 Ne7 22. f3 Bh3 23. Nf2 Bf5 24. Ne4 Bh7 25.
Bf2 Rf7 26. a3 Raf8 27. b4 axb4 28. axb4 Bxe4 29. fxe4 Bg5 30. Be3 Bxe3+ 31. Qxe3 Qa4 32. Bh3 Kh8 33. Qd2 Rf3 34. c5 bxc5 35. bxc5 Ng8 36. cxd6 cxd6 37. Bf5 Nf6 38. Rc3 Rxc3 39. Qxc3 Qa7+ 40. Kg2 Ng8 41. Rf1 Qf7 42. Kg1 Nf6 43. Qe3 Qh5 44. h3 Qe8 45. g4 Qd8 46. Qg3 Nh7 47.
h4 Nf6 48. g5 Nh5 49. Qg4 Nf4 50. gxh6 Qf6 51. hxg7+ Qxg7 52. Qxg7+ Kxg7 53. Kf2 Rh8 54. Rg1+ Kf6 55. Rg4 Rb8 56. h5 Rb2+ 57. Ke1 Rh2 58. Rg8 Rxh5 59. Rd8 Rh2 60. Rxd6+ Kg5 61. Rd8 Nd3+ 62.
Kd1 Kf4 63. d6 Ke3 0-1

[Event "Late-Titled-Tuesday-Blitz-March-12-2024"]
[Site "Chess.com"]
[Date "2024.03.12"]
[Round "6"]
[White "IMRosen"]
[Black "N_Mullodzhanov"]
[Result "1-0"]
[WhiteElo "2684"]
[BlackElo "2516"]
[TimeControl "180+1"]
[EndTime "15:06:43 PDT"]
[Termination "IMRosen won by checkmate"]

1. e4 c6 2. d4 d5 3. Nc3 dxe4 4. Nxe4 Bf5 5. Ng3 Bg6 6. h4 h6 7. Nf3 Nd7 8. Bd3 Bxd3 9. Qxd3 e6 10. Bf4 Qa5+ 11. Bd2 Bb4 12. Ne4 Ngf6 13. Nd6+ Ke7 14. Nc4 Bxd2+ 15. Nfxd2 Qa6 16. a4 c5 17. Qa3 Qc6 18.
dxc5 Rhc8 19. b4 Qxg2 20. O-O-O Qxf2 21. Nd6 Rc7 22. Rhf1 Qxh4 23. Rde1 Kf8 24. N2e4 a5 25. b5 Kg8 26. Qe3 Nxe4 27. Nxe4 Nxc5 28. Nxc5 Rac8 29. Rf4 Qh5 30. Nd3 Rxc2+ 31. Kb1 Qd5 32. Nb2 e5 33. Re4 f6 34. Rg4 R2c3 35. Qe4 Qf7 36. Rg2 R3c7 37. Reg1 b6 38. Rxg7+ Qxg7 39. Rxg7+ Kxg7 40. Qg2+ Kh7 41. Nd3 Rg7 42. Qe4+ Kh8 43. Qf5 Rf8 44.
Kb2 Rg5 45. Qe4 Kg7 46. Qb7+ Kg6 47. Qxb6 e4 48. Nf4+ Kf5 49. Qe3 Rc8 50. Ne2 Rc4 51. Kb3 Rb4+ 52. Kc3 Rxa4 53. Nd4+ Ke5 54. Nc6+ Kd6 55.
Qb6 Rc5+ 56. Kb3 Rac4 57. Nxa5+ Kd5 58. Nxc4 Rxc4 59. Qb7+ Kd4 60. Qd7+ Kc5 61. Qc7+ Kd4 62. Qxc4+ Ke3 63. b6 f5 64. b7 f4 65. b8=Q f3 66.
Qg3 h5 67. Qc3+ Ke2 68. Qce1+ Kd3 69. Qd6# 1-0

[Event "Late-Titled-Tuesday-Blitz-March-12-2024"]
[Site "Chess.com"]
[Date "2024.03.12"]
[Round "6"]
[White "Viktor_Poddubnyi"]
[Black "mortngabriel"]
[Result "1-0"]
[WhiteElo "2282"]
[BlackElo "2515"]
[TimeControl "180+1"]
[EndTime "15:06:43 PDT"]
[Termination "Viktor_Poddubnyi won by resignation"]

1. e4 c5 2. Nf3 Nc6 3. d4 cxd4 4.
Nxd4 g6 5. c4 Nf6 6. Nc3 d6 7. Be2 Nxd4 8. Qxd4 Bg7 9. Bg5 O-O 10.
Qd2 a5 11. O-O a4 12. Rad1 Be6 13. f4 Qa5 14. f5 gxf5 15. exf5 Bxf5 16. Bxf6 Bxf6 17.
Nd5 Bg6 18. Nxf6+ exf6 19. Qxa5 Rxa5 20. Rxd6 Re8 21. Bf3 Rc5 22. Bd5 Re2 23. Rb6 Be4 24. Bxe4 Rxe4 25. b3 axb3 26. axb3 Re2 27. Rbxf6 Rb2 28. R6f3 b5 29. Rg3+ Kf8 30. Rgf3 bxc4 31. Rxf7+ Kg8 32. bxc4 Rxc4 33. R7f3 Rg4 34. R3f2 Rxf2 35.
Rxf2 Rb4 36. g3 Kg7 37. Kg2 Kg6 38. h4 h5 39. Kh3 Rb1 40. Rf4 Rh1+ 41. Kg2 Ra1 42.
Rc4 Ra2+ 43. Kh3 Ra5 44. Rc6+ Kg7 45. Rd6 Rf5 46. Rd7+ Kg6 47. Rd4 Kg7 48. Rf4 Re5 49. Rd4 Rf5 50. Rd6 Kf7 51. Rh6 Kg7 52. Rd6 Kf7 53.
Rc6 Kg7 54. Rc8 Kf7 55. Rc6 Kg7 56. Rc4 Kf7 57. Rf4 Kg6 58. Rxf5 Kxf5 59. Kh2 Ke4 60. Kg2 Ke3 61. g4 hxg4 62. Kg3 Ke4 63. Kxg4 Ke5 64. Kg5 Ke6 65. Kg6 Ke7 66. Kg7 Ke6 67. h5 Kf5 68. h6 1-0

[Event "Late-Titled-Tuesday-Blitz-March-12-2024"]
[Site "Chess.com"]
[Date "2024.03.12"]
[Round "6"]
[White "ChessSwole"]
[Black "thesupera12"]
[Result "0-1"]
[WhiteElo "2680"]
[BlackElo "2458"]
[TimeControl "180+1"]
[EndTime "15:06:46 PDT"]
[Termination "thesupera12 won by resignation"]

1. e4 d5 2. exd5 Qxd5 3. Nc3 Qa5 4. Nf3 Nf6 5. d4 Bg4 6. Bd2 Nc6 7. d5 Nxd5 8. Nb5 Qb6 9. c4 O-O-O 10. cxd5 Rxd5 11.
Qb3 e6 12. Nc3 Bxf3 13. Qxb6 axb6 14. gxf3 Re5+ 15. Be3 Nd4 16. O-O-O Nxf3 17. Be2 Nh4 18. Rhg1 Ng6 19. Rg4 Be7 20. Ra4 Ra5 21. Rxa5 bxa5 22.
Nb5 Rd8 23. Rxd8+ Kxd8 24. Bf3 b6 25. Kc2 Ne5 26. Bg2 Ng4 27. h3 Nxe3+ 28. fxe3 Kd7 29. Kd3 c6 30. Nd4 c5 31. Nf3 Bf6 32. b3 g5 33.
Nd2 h5 34. Bf3 h4 35. Kc4 Kc7 36. Kb5 Be7 37. Nc4 f5 38. Nxb6 e5 39. Nd5+ Kd6 40.
Nxe7 Kxe7 41. Kxc5 e4 42. Bg2 g4 43. hxg4 fxg4 44.
Bxe4 g3 45. Bg2 Kf6 46. Kd5 Kf5 47. e4+ Kg4 48. e5 h3 49. Bxh3+ Kxh3 50. e6 g2 51. e7 g1=Q 52. e8=Q Qg2+ 53. Qe4 Qxa2 54. Qd3+ Kg4 55.
Kc5 Qa3+ 56. Kd5 Kg5 57. Qe3+ Kf6 58. Qe6+ Kg7 59. Qd7+ Kh8 60. Qe8+ Kh7 61. Qe4+ Kh8 62. Qd4+ Kg8 63. Qc4 Kf7 64. Kc6+ Kf6 65. Kb5 Qa1 66. Qc6+ Ke7 67. Qc7+ Ke8 68. Qxa5 Qf1+ 69. Kb4 Qe1+ 70. Kc4 Qxa5 0-1

[Event "Late-Titled-Tuesday-Blitz-March-12-2024"]
[Site "Chess.com"]
[Date "2024.03.12"]
[Round "6"]
[White "ShahMatKanal"]
[Black "Fh2411"]
[Result "0-1"]
[WhiteElo "2503"]
[BlackElo "2653"]
[TimeControl "180+1"]
[EndTime "15:06:48 PDT"]
[Termination "Fh2411 won on time"]

1. Nh3 d5 2. g3 Nf6 3. Bg2 g6 4.
f3 Bg7 5. O-O O-O 6. d3 e5 7. e4 c6 8. Nc3 Re8 9. Nf2 Nbd7 10.
Bd2 Nc5 11. Ne2 b6 12. Be3 Ne6 13. Qd2 Ba6 14. Rfe1 Qc7 15. Bh6 Rad8 16. Bxg7 Kxg7 17. Qc1 c5 18. exd5 Nxd5 19. Ng4 h5 20. Qh6+ Kg8 21.
c4 hxg4 22. cxd5 Rxd5 23. fxg4 Rxd3 24. Nc3 Rd4 25. Rad1 Qd8 26. Rxd4 Qxd4+ 27. Kh1 Bd3 28. Nd5 e4 29. Nc3 Nf8 30. Re3 c4 31. h4 Nh7 32.
h5 g5 33. Qc6 Qxe3 34. Qxe8+ Nf8 35. Kh2 Qd4 36. h6 Qd6 37. Bxe4 Qxh6+ 38. Kg2 Qe6 39. Qxe6 Nxe6 40. Bd5 Nc5 41. Kf3 Kg7 42. Ke3 Kf6 43.
Kd4 Ne6+ 44. Ke3 Ke5 45. Bxe6 fxe6 46. Nb5 a6 47. Nc7 a5 48. Nb5 Kd5 49. Nc3+ Kc5 50. a4 Kb4 51. Kd4 Kb3 52. Ke5 Kxb2 53. Kd4 Kb3 54. Nb5 Kxa4 55. Nc7 b5 56. Nxe6 b4 57. Nc5+ Ka3 58. Ne6 b3 59. Kc3 b2 60. Nd4 b1=Q 61. Nc2+ Qxc2+ 0-1